[Event "DEN-ch 2019"]
[Site "Svendborg"]
[Date "2019.04.19"]
[Round "7.5"]
[White "Rasmussen, Allan Stig"]
[Black "Bjerre, Jonas Buhl"]
[Result "1/2-1/2"]
[ECO "B94"]
[WhiteElo "2541"]
[BlackElo "2470"]
[Annotator "ChessBase"]
[PlyCount "139"]
[EventDate "2019.04.13"]
[EventType "tourn"]
[EventCountry "DEN"]
[SourceTitle "playchess.com"]
[Source "ChessBase"]
[SourceQuality "1"]
[TimeControl "40/5400+30:1800+30"]

1. e4 c5 2. Nf3 d6 3. d4 cxd4 4. Nxd4 Nf6 5. Nc3 a6 6. Bg5 Nbd7 7. Bc4 Qb6 8. Bb3 e6 9. Qd2 Be7 10. O-O-O Nc5 11. Rhe1 Qc7 12. f4 h6 13. Bxf6 Bxf6 14. g4 Bd7 15. Nf3 O-O-O 16. Qxd6 Qxd6 17. Rxd6 Bc6 18. Rxd8+ Rxd8 19. g5 Bxc3 20. bxc3 Bxe4 21. Ne5 Rf8 22. gxh6 gxh6 23. Re3 Bf5 24. Bc4 Kc7 25. Bd3 f6 26. Nf3 Rg8 27. Bxf5 exf5 28. Nd4 Rg1+ 29. Kb2 Rf1 30. Rh3 Rxf4 31. Rxh6 Rf2 32. Rxf6 Rxh2 33. Rxf5 Kb6 34. Rf6+ Ka7 35. Rf3 Rh6 36. Nb3 Na4+ 37. Ka3 Nb6 38. Nd4 Rh7 39. Kb3 Rc7 40. Rh3 Nc4 41. a4 Na5+ 42. Ka3 b6 43. Ne6 Rc6 44. Nf4 Rc5 45. Rd3 Kb7 46. Nd5 Nc4+ 47. Kb3 Na5+ 48. Ka2 Nc4 49. Rd4 Na5 50. Ka3 Nc6 51. Rd1 Na5 52. Rd3 Nc4+ 53. Kb3 Na5+ 54. Ka2 Nc6 55. Ka3 Ne5 56. Rd1 Nc4+ 57. Ka2 Na5 58. Rd3 Nc6 59. Ka3 Ne5 60. Rd4 Nc6 61. Rd1 Na5 62. Rd3 Nc4+ 63. Kb3 Na5+ 64. Kb4 Nc6+ 65. Ka3 Ne5 66. Rd1 Nc4+ 67. Kb4 Na5 68. Rd3 Nc6+ 69. Kb3 Na5+ 70. Ka2 1/2-1/2

[Event "DEN-ch 2019"]
[Site "Svendborg"]
[Date "2019.04.21"]
[Round "9.1"]
[White "Bjerre, Jonas Buhl"]
[Black "Antonsen, Mikkel"]
[Result "1/2-1/2"]
[ECO "B33"]
[WhiteElo "2470"]
[BlackElo "2426"]
[Annotator "ChessBase"]
[PlyCount "77"]
[EventDate "2019.04.13"]
[EventType "tourn"]
[EventCountry "DEN"]
[SourceTitle "playchess.com"]
[Source "ChessBase"]
[SourceQuality "1"]
[TimeControl "40/5400+30:1800+30"]

1. e4 c5 2. Nf3 Nc6 3. d4 cxd4 4. Nxd4 Nf6 5. Nc3 e5 6. Ndb5 d6 7. Bg5 a6 8. Na3 b5 9. Nd5 Be7 10. Bxf6 Bxf6 11. c3 Bg5 12. Nc2 Rb8 13. a4 bxa4 14. Ncb4 Nxb4 15. Nxb4 Bd7 16. Bxa6 Qa5 17. Qxd6 Rb6 18. Qd3 Be7 19. Nd5 Rxb2 20. O-O Qc5 21. Rad1 Bg4 22. Rb1 Be2 23. Qxe2 Rxe2 24. Rb8+ Bd8 25. Bb5+ Qxb5 26. Rxb5 Rxe4 27. Ra1 O-O 28. Rb4 Rxb4 29. cxb4 Bg5 30. Rxa4 Rd8 31. Ra5 f6 32. Kf1 Kf7 33. Ke2 Ke6 34. Ne3 Bxe3 35. Kxe3 Rb8 36. Ra7 Rxb4 37. Rxg7 Rh4 38. h3 f5 39. Ra7 1/2-1/2

[Event "DEN-ch 2019"]
[Site "Svendborg"]
[Date "2019.04.21"]
[Round "9.4"]
[White "Ochsner, Bjorn Moller"]
[Black "Chatalbashev, Boris"]
[Result "1/2-1/2"]
[ECO "B06"]
[WhiteElo "2486"]
[BlackElo "2521"]
[Annotator "ChessBase"]
[PlyCount "107"]
[EventDate "2019.04.13"]
[EventType "tourn"]
[EventCountry "DEN"]
[SourceTitle "playchess.com"]
[Source "ChessBase"]
[SourceQuality "1"]
[TimeControl "40/5400+30:1800+30"]

1. e4 g6 2. d4 Bg7 3. Nc3 d5 4. exd5 Nf6 5. Bc4 Nbd7 6. Bg5 Nb6 7. Bxf6 Bxf6 8. Bb3 O-O 9. Nge2 a5 10. a4 c6 11. dxc6 bxc6 12. O-O Ba6 13. Ne4 Bg7 14. c3 Nd7 15. Bc2 Qb6 16. Bd3 Qxb2 17. Bxa6 Rxa6 18. Qd3 Qb7 19. Rab1 Rb6 20. Rxb6 Qxb6 21. Rb1 Qc7 22. Qa6 Rb8 23. Rxb8+ Qxb8 24. f3 Bh6 25. Kf2 Nb6 26. g3 Nxa4 27. Qxa5 Nb2 28. f4 Nd1+ 29. Kf3 Qb1 30. Nf2 Nxf2 31. Kxf2 Qh1 32. h4 e6 33. Qe5 Bf8 34. Ke3 c5 35. dxc5 h5 36. Kd3 Qd1+ 37. Ke3 Qa4 38. Nd4 Qc4 39. c6 Qxc3+ 40. Ke2 Qc4+ 41. Kd2 Kh7 42. Qe4 Bb4+ 43. Ke3 Qc1+ 44. Kf3 Qh1+ 45. Ke3 Bd2+ 46. Kd3 Qb1+ 47. Nc2 Ba5 48. Kc4 Qb2 49. Qd3 Qb1 50. Qb3 Qf1+ 51. Qd3 Qb1 52. Qb3 Qf1+ 53. Qd3 Qb1 54. Qb3 1/2-1/2